 Dungeon Crawl Stone Soup version 0.27.1 (webtiles) character file.

Game seed: 12087165437675576805

161 ZARRMARR the Shooter (level 5, -1/31 HPs)
             Began as a Deep Elf Hunter on Sept 4, 2021.
             Slain by a mummy (15 damage)
             ... in an ossuary.
             The game lasted 00:13:19 (4074 turns).

ZARRMARR the Shooter (Deep Elf Hunter)              Turns: 4074, Time: 00:13:20

Health: -1/31      AC:  4    Str:  9    XL:     5   Next: 19%
Magic:  7/7        EV: 13    Int: 17    God:
Gold:   138        SH:  0    Dex: 15    Spells: 4/4 levels left

rFire    . . .     SeeInvis .   f - +2 short sword (flame)
rCold    . . .     Faith    .   (no shield)
rNeg     . . .     Spirit   .   c - +0 leather armour
rPois    .         Reflect  .   (no helmet)
rElec    .         Harm     .   k - +0 cloak
rCorr    .         Rampage  .   (no gloves)
Will     .....                  (no boots)
Stlth    ++........             (no amulet)
HPRegen  0.10/turn              (no ring)
MPRegen  0.10/turn              (no ring)

@: no status effects
A: no striking features
a: no special abilities


You were in an ossuary.
You visited 1 branch of the dungeon, and saw 4 of its levels.
You also visited: Ossuary.

You collected 138 gold pieces.

Inventory:

Hand Weapons
 a - a +1 shortbow
 f - a +2 short sword of flaming (weapon)
Armour
 c - a +0 leather armour (worn)
 k - a +0 cloak (worn)
Scrolls
 b - a scroll of identify
 e - 2 scrolls of teleportation
 j - a scroll of enchant armour
Potions
 h - a potion of attraction


   Skills:
 + Level 2.6 Fighting
 + Level 6.2 Bows
 + Level 3.9 Dodging
 + Level 3.4 Stealth


You had 4 spell levels left.
You didn't know any spells.
Your spell library contained the following spells:

 Spells                   Type           Power      Damage    Failure   Level
 Blink                    Tloc           N/A        N/A       45%         2
 Static Discharge         Conj/Air       0%         N/A       45%         2
 Lesser Beckoning         Tloc           0%         N/A       69%         3
 Dispel Undead            Necr           0%         3d6       97%         4
 Sticky Flame             Conj/Fire      0%         2d3       97%         4
 Manifold Assault         Tloc           0%         N/A       100%        5


Dungeon Overview and Level Annotations

Branches:
Dungeon (4/15)            Ossuary (1/1)
 Temple: D:4-7

Altars:
Nemelex Xobeh

Shops:
D:4 ([=*


Message History

The orc zombie is severely damaged.
Unknown command.
Unknown command.
Your +2 short sword of flaming bursts into flame!
f - a +2 short sword of flaming (weapon)
A gnoll zombie comes into view.
You hit the orc zombie. You burn the orc zombie.
You destroy the orc zombie!
You hit the gnoll zombie. You burn the gnoll zombie.
The gnoll zombie is heavily damaged.
The gnoll zombie barely misses you.
You hit the gnoll zombie. You burn the gnoll zombie.
The gnoll zombie is severely damaged.
The gnoll zombie barely misses you.
Your leather armour prevents you from hitting the gnoll zombie.
The gnoll zombie is severely damaged.
The gnoll zombie closely misses you.
You barely miss the gnoll zombie.
The gnoll zombie is severely damaged.
The gnoll zombie barely misses you.
You hit the gnoll zombie but do no damage.
The gnoll zombie is severely damaged.
You completely miss the gnoll zombie.
The gnoll zombie is severely damaged.
The gnoll zombie misses you.
You hit the gnoll zombie. You burn the gnoll zombie.
You destroy the gnoll zombie! 2 mummies and a zombie come into view.
An orc zombie comes into view.
The mummy barely misses you. The mummy hits you!
You hit the mummy. You burn the mummy.
The mummy is lightly damaged.
The mummy hits you but does no damage. The mummy hits you!
You barely miss the mummy.
The mummy is lightly damaged.
You hit the mummy. You burn the mummy.
The mummy is moderately damaged.
The mummy barely misses you. The mummy hits you!
You die...

#....#
#(..(#
#.(..#
#.(..#
#.(..#
#....#
#....#
#..MM#
#.∩∩@#
######


You could see 2 mummies.

Vanquished Creatures
  3 gnolls (D:2)
  4 adders
  An ufetubus (D:4)
  4 worms
  3 dart slugs (D:2)
  2 orcs
  3 endoplasms
  A giant cockroach (D:2)
  5 goblins
  6 hobgoblins
  10 jackals
  4 kobolds
  3 quokkas
  8 ball pythons
  3 bats
  5 frilled lizards
  2 gnoll zombies (Ossuary)
  3 orc zombies (Ossuary)
  3 rats
73 creatures vanquished.

Notes
Turn   | Place    | Note
-------+----------+-------------------------------------------
     0 | D:1      | ZARRMARR the Deep Elf Hunter began the quest for the Orb.
     0 | D:1      | Reached XP level 1. HP: 12/12 MP: 3/3
   386 | D:1      | Reached XP level 2. HP: 17/17 MP: 4/4
   969 | D:1      | Found a faded altar of an unknown god.
  1433 | D:2      | Reached XP level 3. HP: 21/21 MP: 5/5
  1758 | D:2      | Reached XP level 4. HP: 26/26 MP: 6/6
  2537 | D:3      | Reached skill level 6 in Bows
  3267 | D:3      | Found a sparkling altar of Nemelex Xobeh.
  3708 | D:4      | Found Asyklu's Assorted Antiques.
  3751 | D:4      | Reached XP level 5. HP: 10/31 MP: 7/7
  3832 | D:4      | Noticed a black bear
  3875 | D:4      | Found Diekheho's Armour Shoppe.
  3907 | D:4      | Found Kodivock's Weapon Shoppe.
  3974 | D:4      | Found Dyfototy's Jewellery Shop.
  3980 | D:4      | Found a sand-covered staircase.
  3989 | Ossuary  | Entered an ossuary
  4074 | Ossuary  | Slain by a mummy

Illustrated notes

Levels and vault maps discovered:
D:1:      sevenhm_arrival_forest_fort_small_3, layout_basic,
          shapermc_ecumenical_altar_gd
D:2:      layout_loops_cross
D:3:      layout_basic, nemelex_diamond_rough_becter
D:4:      kennysheep_six_static_rooms, layout_rooms,
          nicolae_ossuary_entry_ruins, serial_shops, nicolae_shop_crystal, shop,
          nicolae_shop_trees, nicolae_shop_competitors_out_of_business,
          nicolae_stop_n_shop_2, chequers_serial_rivers_micro_e,
          nicolae_stop_n_shop_2
Ossuary:  ossuary_tomb_3

Skill      XL: |  1  2  3  4 |
---------------+-------------+-----
Fighting       | 2 |  2.6
Dodging        | 3 |  3.9
Stealth        | 2 3 |  3.4
Bows           | 6 |  6.2

Action                   |  1- 3 |  4- 6 || total
-------------------------+-------+-------++-------
Melee: Short sword       |     1 |   119 ||   120
 Fire: Shortbow          |    85 |    79 ||   164
  Use: Scroll            |       |     8 ||     8
       Potion            |       |     2 ||     2
Armor: Leather armour    |     4 |    47 ||    51
Dodge: Dodged            |    14 |   136 ||   150
